 Dungeon Crawl Stone Soup version 0.31-a0-1291-g5386780bc2 (webtiles) character file.

Game seed: 10501930516286406985

1957 Colgate the Covert (level 9, -2/50 (55) HPs)
             Began as a Kobold Brigand on Dec 18, 2023.
             Slain by a gnoll sergeant
             ... wielding a +0 spear
              (6 damage)
             ... on level 5 of the Dungeon.
             The game lasted 00:24:29 (6476 turns).

Colgate the Covert (Kobold Brigand)                 Turns: 6476, Time: 00:24:29

HP:   -2/50 (55)    AC:  7    Str:  8    XL:     9   Next: 42%
MP:   18/18         EV: 18    Int: 12    God:
Gold: 414           SH:  5    Dex: 21    Spells: 8/8 levels left

rFire   . . .        a - +2 dagger
rCold   . . .        (no shield)
rNeg    + . .        A - +0 robe
rPois   .            (no helmet)
rElec   .            c - +1 cloak
rCorr   .            (no gloves)
SInv    .            f - +2 pair of boots
Will    .....        j - amulet of reflection
Stlth   ++++++       q - ring "Bitut" {rN+ MP+9}
HPRegen 0.28/turn    (no ring)
MPRegen 0.16/turn

%: reflection
@: drained
A: small, no large weapons, nightstalker 3
a: no special abilities


You were on level 5 of the Dungeon.
You visited 2 branches of the dungeon, and saw 7 of its levels.

You collected 414 gold pieces.

Inventory:

Hand Weapons
 a - a +2 dagger (weapon)
 b - a +0 rapier
Missiles
 d - 3 poisoned darts (quivered)
 y - a throwing net {!f}
 B - 4 darts of dispersal
Armour
 c - a +1 cloak (worn)
 f - a +2 pair of boots (worn)
 n - a +0 buckler
 A - a +0 robe (worn)
Jewellery
 j - an amulet of reflection (around neck)
 q - the ring "Bitut" (left hand) {rN+ MP+9}
   (You found it on level 6 of the Dungeon)

   [ring of magical power]

   rN+:       It protects you from negative energy.
   MP+9:      It affects your magic capacity (+9).
Wands
 x - a wand of flame (12)
Scrolls
 i - a scroll of teleportation {@r3}
 k - a scroll of amnesia {unknown}
 s - a scroll of fear {unknown}
 u - a scroll of acquirement {unknown}
 w - a scroll of immolation
Potions
 g - a potion of berserk rage
 h - 2 potions of curing {@q1}
 l - 5 potions of attraction
 z - a potion of haste {unknown}


   Skills:
 - Level 6.1 Fighting
 - Level 10.0 Short Blades
 - Level 2.1 Throwing
 + Level 5.3 Dodging
 - Level 10.0 Stealth


You had 8 spell levels left.
You didn't know any spells.
Your spell library contained the following spells:

 Spells                   Type           Power      Damage    Failure   Level
 Cause Fear               Hex            0%         N/A       97%         4
 Fireball                 Conj/Fire      0%         3d3       100%        5
 Iskenderun's Battlesphe  Conj           0%         2d6       100%        5
 Bombard                  Conj/Erth      0%         9d1       100%        6
 Spellforged Servitor     Conj/Summ      0%         N/A       100%        7
 Dragon's Call            Summ           0%         N/A       100%        9


Dungeon Overview and Level Annotations

Branches:
Dungeon (6/15)             Temple (1/1) D:5

Altars:
Cheibriados
Elyvilon
Fedhas
Gozag
Hepliaklqana
Kikubaaqudgha
Makhleb
Nemelex Xobeh
Sif Muna
Trog
Vehumet
Xom
Yredelemnul
The Shining One

Annotations:
D:6 Prince Ribbit


Innate Abilities, Weirdness & Mutations

You are small and have problems with some larger weapons.
You are completely attuned to the shadows.


Message History

You hit the wight but do no damage.
The wight hits you with a +4 long sword.
You partially resist.
You feel drained.
You hit the wight. You block the gnoll sergeant's attack.
You hit the wight but do no damage. You block the wight's attack.
You hit the wight. The gnoll sergeant barely misses you.
You hit the wight. You block the wight's attack.
You barely miss the wight.
The gnoll sergeant hits you from afar with a +0 spear.
You hit the wight but do no damage. The wight closely misses you.
You closely miss the wight. The gnoll sergeant misses you.
You hit the wight but do no damage. You punch the wight.
You block the wight's attack.
You hit the wight. The gnoll sergeant closely misses you.
You hit the wight but do no damage. The wight completely misses you.
You hit the wight but do no damage. The gnoll sergeant barely misses you.
You closely miss the wight.
The wight hits you with a +4 long sword.
You partially resist.
You feel drained.
You hit the wight but do no damage.
The gnoll sergeant hits you from afar with a +0 spear.
You closely miss the wight.
The wight hits you with a +4 long sword.
You partially resist.
You feel drained.
You hit the wight but do no damage.
The gnoll sergeant hits you from afar with a +0 spear!
* * * LOW HITPOINT WARNING * * *
You hit the wight but do no damage. The wight completely misses you.
You hit the wight.
The gnoll sergeant hits you from afar with a +0 spear.
* * * LOW HITPOINT WARNING * * *
You hit the wight. You block the wight's attack.
You hit the wight.
You destroy the wight!
The gnoll sergeant hits you from afar with a +0 spear.
* * * LOW HITPOINT WARNING * * *
You hit the orc. You barely miss the orc.
The gnoll sergeant hits you from afar with a +0 spear.
You die...

###### #.[o@# ###### ####
### ##.g#######....# #..#
##.# #...##.#.~~~.#.# ###.
#..#####>[.###.~~~~..## #.
#####.......)..###..~_~..#
##
.............).....~~~~..##
#
##.)....#####.(........~..#
# ####..## #..........#..##
# #..# ##.......####..# #


You could see a gnoll sergeant and an orc.

Vanquished Creatures
  Edmund (D:4)
  A water moccasin (D:5)
  Duvessa (D:6)
  An orc warrior (D:5)
  A black bear (D:6)
  An ogre (D:4)
  A centaur (D:6)
  2 phantoms
  A gnoll sergeant (D:5)
  3 scorpions
  2 wights (D:5)
  Dowan (D:6)
  3 orc priests (D:5)
  3 hounds
  2 jellies (D:5)
  A gnoll bouda (D:5)
  2 iguanas (D:5)
  A sleepcap (D:5)
  An orc wizard (D:4)
  Terence (D:3)
  15 gnolls
  9 adders
  A worm (D:4)
  2 dart slugs (D:1)
  19 orcs
  4 ball pythons
  5 endoplasms
  A giant cockroach (D:3)
  6 goblins
  5 hobgoblins
  5 kobolds
  4 quokkas
  4 bats
  3 frilled lizards
  8 rats
121 creatures vanquished.

Vanquished Creatures (collateral kills)
  An orc wizard (D:5)
  A gnoll (D:5)
  An orc (D:5)
3 creatures vanquished.

Vanquished Creatures (others)
  An orc (D:6)
1 creature vanquished.

Grand Total: 125 creatures vanquished

Notes
Turn   | Place    | Note
-------+----------+-------------------------------------------
     0 | D:1      | Colgate the Kobold Brigand began the quest for the Orb.
     0 | D:1      | Reached XP level 1. HP: 12/12 MP: 1/1
   184 | D:1      | Reached XP level 2. HP: 17/17 MP: 2/2
   454 | D:1      | Reached XP level 3. HP: 15/21 MP: 3/3
  1111 | D:2      | Reached XP level 4. HP: 26/26 MP: 4/4
  1145 | D:2      | Reached skill level 5 in Short Blades
  1543 | D:3      | Found a shimmering altar of Xom.
  1548 | D:3      | Noticed a scorpion
  1557 | D:3      | Killed a scorpion
  1558 | D:3      | Reached XP level 5. HP: 30/30 MP: 5/5
  1902 | D:3      | Noticed Terence
  1906 | D:3      | Killed Terence
  1907 | D:3      | Reached XP level 6. HP: 35/35 MP: 6/6
  2009 | D:3      | Found a burning altar of Makhleb.
  2011 | D:3      | Noticed a balrug
  2601 | D:4      | Noticed an ogre
  2605 | D:4      | Killed an ogre
  2900 | D:4      | Noticed Edmund
  2904 | D:4      | Killed Edmund
  2905 | D:4      | Reached XP level 7. HP: 40/40 MP: 7/7
  3357 | D:5      | Entered Level 5 of the Dungeon
  3745 | D:5      | Found a staircase to the Ecumenical Temple.
  3785 | Temple   | Entered the Ecumenical Temple
  3857 | D:5      | Reached XP level 8. HP: 40/46 MP: 8/8
  4247 | D:5      | Found a blossoming altar of Fedhas.
  4326 | D:5      | Reached skill level 5 in Fighting
  5279 | D:6      | Noticed Duvessa
  5281 | D:6      | Noticed Dowan
  5282 | D:6      | Killed Duvessa
  5509 | D:6      | Identified the ring "Bitut" {rN+ MP+9}
  5552 | D:6      | Reached skill level 10 in Stealth
  5603 | D:6      | Killed Dowan
  5818 | D:5      | Reached XP level 9. HP: 49/55 MP: 9/9
  6160 | D:5      | Reached skill level 10 in Short Blades
  6325 | D:5      | Reached skill level 5 in Dodging
  6448 | D:6      | Noticed Prince Ribbit
  6476 | D:5      | Slain by a gnoll sergeant

Illustrated notes

Levels and vault maps discovered:
D:1:      spicycebolla_arrival_ecumenical, layout_basic
D:2:      layout_rooms
D:3:      layout_loops_corners, makhleb_altar_promises_db,
          mainiacjoe_overflow_boulevard, uniq_terence
D:4:      layout_basic, serial_bayou_pond_a, serial_library_hellmonk_room_b,
          uniq_edmund
D:5:      layout_layer_cave, fedhas_altar_2, minmay_temple_entry_stoned_glass,
          minmay_misc_feat_ornament, kennysheep_generic_room_12
D:6:      layout_rooms, nicolae_dithmenos_shadow_blocks, uniq_duvessa,
          uniq_blork_the_orc, uniq_prince_ribbit1
Temple:   nicolae_temple_bog_church

Skill      XL: |  1  2  3  4  5  6  7  8  9 |
---------------+----------------------------+-----
Short Blades   | 3 4 6 7 8 10 | 10.0
Stealth        | 6 7 8 10 | 10.0
Fighting       | 3 6 |  6.1
Dodging        | 3 5 |  5.3
Throwing       | |  2.1

Action                     |  1- 3 |  4- 6 |  7- 9 || total
---------------------------+-------+-------+-------++-------
  Melee: Dagger            |    59 |    94 |   408 ||   561
         Punch             |       |     1 |     7 ||     8
  Throw: Dart              |     2 |    17 |    31 ||    50
  Evoke: Wand              |       |       |     9 ||     9
    Use: Scroll            |       |       |     8 ||     8
         Potion            |       |       |     5 ||     5
   Stab: Sleeping          |    12 |    15 |    13 ||    40
         Distracted        |       |       |     1 ||     1
 Armour: Robe              |    15 |    24 |   106 ||   145
         Skin              |       |       |    26 ||    26
  Dodge: Dodged            |    32 |    31 |   197 ||   260
  Block: Other             |     6 |    14 |    61 ||    81
         Reflection        |     1 |       |     5 ||     6

Table legend: (Time is in decaauts)
 A = Elapsed time spent in this place.
 B = Non-inter-level travel time spent in this place.
 C = Inter-level travel time spent in this place.
 D = Time resting spent in this place.
 E = Time spent auto-exploring this place.
 F = Levels seen in this place.
 G = Mean time per level.
                   A        B        C        D        E       F      G
               +--------+--------+--------+--------+--------+-----+--------+
         Total |   6279 |   5850 |    429 |    217 |   4355 |   7 |  897.0 |
       Dungeon |   6244 |   5815 |    429 |    217 |   4332 |   6 | 1040.7 |
        Temple |     34 |     34 |      0 |      0 |     23 |   1 |   34.0 |
               +--------+--------+--------+--------+--------+-----+--------+

Top non-repeatable levels by time:
     D:5: 2484 daAuts
     D:3: 1055 daAuts
     D:1: 892 daAuts
     D:4: 850 daAuts
     D:2: 616 daAuts
     D:6: 345 daAuts
  Temple: 34 daAuts
